 Dungeon Crawl Stone Soup version 0.20-a0-537-g052e6ba (webtiles) character file.

74899 esc the Nimble (level 15, -14/93 HPs)
             Began as a Deep Elf Fire Elementalist on Jan 27, 2017.
             Was a High Priest of Vehumet.
             Killed from afar by Josephine (22 damage)
             ... with a ghostly fireball
             ... on level 10 of the Dungeon.
             The game lasted 01:53:21 (30225 turns).

esc the Nimble (Deep Elf Fire Elementalist)        Turns: 30225, Time: 01:53:21

Health: -14/93     AC: 11    Str:  5    XL:     15   Next: 8%
Magic:  3/34       EV: 20    Int: 37    God:    Vehumet [*****.]
Gold:   163        SH:  7    Dex: 15    Spells: 11/40 levels left

rFire    + . .     SeeInvis .   A - staff of energy {@w1+MP, hungerless spells, !d!a}
rCold    + . .     Gourm    .   z - +1 robe of the Wild Haggis {rC+ rCorr Stlth+}
rNeg     . . .     Faith    .   c - +3 buckler of Leett {rElec MR+ Int+4 Stlth-}
rPois    .         Spirit   .   Q - +1 helmet
rElec    +         Reflect  .   t - +2 cloak {MR+}
rCorr    +         Harm     +   (no gloves)
MR       +++..                  x - +0 pair of boots
Stlth    ++........             K - amulet of harm
Regen    0.3/turn               R - +4 ring of intelligence
                                I - ring of protection from fire {rF+, !d}

@: slowed, heavily drained, very slow
A: yellow scales 1, blurry vision 1, clever 1
a: Renounce Religion


You were on level 10 of the Dungeon.
You worshipped Vehumet.
Vehumet was extremely pleased with you.
You were not hungry.

You visited 3 branches of the dungeon, and saw 18 of its levels.
You also visited: Sewer and Ossuary.

You collected 1862 gold pieces.
You spent 1699 gold pieces at shops.

Inventory:

Hand Weapons
 G - a +0 dagger of electrocution
   (You took it off an orc wizard on level 5 of the Dungeon)
Armour
 c - the +3 buckler of Leett (worn) {rElec MR+ Int+4 Stlth-}
   (You found it on level 6 of the Lair of Beasts)

   It affects your intelligence (+4).
   It insulates you from electricity.
   It affects your resistance to hostile enchantments.
   It makes you less stealthy.
 t - a +2 cloak of magic resistance (worn)
   (You bought it in a shop on level 2 of the Orcish Mines)
 x - a +0 pair of boots (worn)
   (You found it on level 4 of the Dungeon)
 z - the +1 robe of the Wild Haggis (worn) {rC+ rCorr Stlth+}
   (You found it on level 5 of the Dungeon)

   It protects you from cold.
   It protects you from acid and corrosion.
   It makes you more stealthy.
 Q - a +1 helmet (worn)
   (You found it on level 5 of the Lair of Beasts)
Magical Staves
 A - an uncursed staff of energy (weapon) {@w1+MP, hungerless spells, !d!a}
   (You found it on level 8 of the Dungeon)
Jewellery
 s - the amulet "Leef" {Regen+ MP+9 Str+4 Dex+2}
   (You bought it in a shop on level 5 of the Dungeon)

   [amulet of regeneration]

   It affects your strength (+4).
   It affects your dexterity (+2).
   It affects your magic capacity (+9).
   It increases your rate of regeneration.
 F - an uncursed ring of poison resistance {rPois, !d}
   (You found it on level 10 of the Dungeon)
 I - a ring of protection from fire (left hand) {rF+, !d}
   (You took it off an orc on level 6 of the Dungeon)
 K - an amulet of harm (around neck)
   (You found it on level 6 of the Dungeon)
 O - an uncursed ring of protection from cold {rC+, !d}
   (You found it on level 2 of the Lair of Beasts)
 R - a +4 ring of intelligence (right hand)
   (You bought it in a shop on level 5 of the Dungeon)
Wands
 a - a wand of scattershot (4/9)
   (You found it on level 4 of the Lair of Beasts)
 M - a wand of disintegration (15/24)
   (You found it on level 5 of the Lair of Beasts)
 V - a wand of digging (17/24)
   (You found it on level 10 of the Dungeon)
Scrolls
 d - 3 scrolls of immolation {!r}
 f - 8 scrolls of remove curse
 g - 3 scrolls of fog
 h - 2 scrolls of fear
 i - 4 scrolls of magic mapping {!r}
 m - 3 scrolls of blinking {!r}
 p - 5 scrolls of teleportation
 q - 3 scrolls of enchant weapon
 u - 6 scrolls of amnesia
 y - a scroll of brand weapon
 H - 3 scrolls of recharging
 T - 2 scrolls of identify
Potions
 e - a potion of curing
 j - 4 potions of agility
 o - 5 potions of heal wounds
 w - a potion of cure mutation {!q}
 B - 5 potions of haste
 D - 4 potions of brilliance
 E - 5 potions of lignification {!q}
 J - 4 potions of flight
Books
 b - a book of Flames
 n - a book of Misfortune
   (You found it on level 6 of the Dungeon)
 r - a book of the Earth
   (You found it on level 1 of the Lair of Beasts)
 v - a Young Poisoner's Handbook
   (You found it on level 2 of the Lair of Beasts)
 L - a Fen Folio
   (You found it on level 2 of the Lair of Beasts)
 N - a book of Cantrips
   (You found it on level 10 of the Dungeon)
 S - a book of Maledictions
   (You found it on level 9 of the Dungeon)
Miscellaneous
 U - a box of beasts
Comestibles
 k - 5 meat rations {@e2}
 l - 11 fruits
 C - 6 chunks of flesh {@w0}
 P - a bread ration {@e1}


   Skills:
 + Level 10.5(8.3) Fighting
 + Level 14.6(12.2) Dodging
 - Level 2.4(0.7) Stealth
 - Level 4.1(2.3) Shields
 + Level 13.3(11.0) Spellcasting
 + Level 13.5(11.2) Conjurations
 - Level 6.5(4.5) Hexes
 - Level 11.3(9.2) Fire Magic
 - Level 4.8(3.0) Evocations


You had 11 spell levels left.
You knew the following spells:

 Your Spells              Type           Power        Failure   Level  Hunger
a - Throw Flame           Conj/Fire      ######       1%          2    None
b - Confuse               Hex            ######..     1%          3    None
c - Conjure Flame         Conj/Fire      #######.     1%          3    None
d - Mephitic Cloud        Conj/Pois/Air  #####...     1%          3    None
e - Orb of Destruction    Conj           #######...   5%          7    None
g - Apportation           Tloc           ###...       2%          1    None
s - Sticky Flame          Conj/Fire      #######.     1%          4    None
x - Flame Tongue          Conj/Fire      #####        1%          1    None
z - Iskenderun's Battles  Conj/Chrm      ######..     2%          5    None


Dungeon Overview and Level Annotations

Branches:
Dungeon (10/15)            Temple (0/1) D:5            Lair (6/6) D:8
 Shoals (0/4) Lair:2        Snake (0/4) Lair:4        Slime (0/5) Lair:5
    Orc (2/2) D:9             Elf (0/3) Orc:2

Altars:
Dithmenos
Elyvilon
Fedhas
Vehumet
Xom
Yredelemnul
Zin
The Shining One
Beogh
Jiyva

Shops:
D:5 (=(   Orc:2 [(*(

Annotations:
D:10 Josephine


Innate Abilities, Weirdness & Mutations

You are partially covered in yellow scales. (AC +2)
Scrolls take you a little longer to read.
Your mind is acute. (Int +2)


Message History

Aim: a wraith (noxious fumes)
The puff of flame hits the wraith.
The wraith appears unharmed.
Your battlesphere fires!
The barrage of energy hits the wraith.
A wraith comes into view.
You now have 27/34 mp.
Aim: a wraith (lightly damaged)
The puff of flame hits the wraith.
Your battlesphere fires!
The barrage of energy hits the wraith.
Your battlesphere expends the last of its energy and dissipates.
You now have 25/34 mp.
You conjure a globe of magical energy.
The wraith barely misses your battlesphere.
You now have 21/34 mp.
Aim: a wraith (severely damaged)
The puff of flame hits the wraith.
You destroy the wraith!
Vehumet accepts your kill.
You feel your power returning.
Your battlesphere fires!
You now have 20/34 mp.
Aim: a wraith The puff of flame hits the wraith.
The wraith appears unharmed.
Your battlesphere fires!
The barrage of energy hits the wraith.
The wraith closely misses you.
You now have 18/34 mp.
Aim: a wraith (lightly damaged)
Okay, then.
Aim: a wraith (lightly damaged)
The puff of flame hits the wraith.
Your battlesphere fires!
The barrage of energy hits the wraith.
You now have 16/34 mp.
The wraith hits you! The wraith drains your vigour!
You feel yourself slow down.
You take 13 damage, and have 80/93 hp.
You can't see any susceptible monsters within range! (Use Z to cast anyway.)
Aim: a wraith (moderately damaged)
The wavering orb of destruction weakly hits the wraith.
You blow up the wraith!
Vehumet accepts your kill.
You hear a bleat!
The wraith closely misses you.
You now have 10/34 mp.
Aim: a wraith The wavering orb of destruction weakly hits the wraith.
You blow up the wraith!
Vehumet accepts your kill.
You feel your power returning.
You now have 5/34 mp.
Aim: a big kobold, wielding a falchion of flaming The puff of flame misses the big kobold.
Your battlesphere fires!
The barrage of energy hits the big kobold.
A wraith comes into view.
You now have 4/34 mp.
Aim: a big kobold, wielding a falchion of flaming (almost dead)
The puff of flame hits the big kobold.
You kill the big kobold!
Vehumet accepts your kill.
Your battlesphere fires!
You now have 2/34 mp.
Nothing appears to happen.
Josephine points at you and mumbles some strange words.
The ghostly flame explodes!
The ghostly fireball engulfs the wraith.
The wraith completely resists.
The ghostly fireball engulfs your battlesphere.
Your battlesphere completely resists.
The ghostly fireball engulfs you!
You feel drained. The wraith completely misses you.
You hear a bellow!
Unknown command.
You take 31 damage, and have 50/93 hp.
MASSIVE DAMAGE!!
Really read with blurry vision while enemies are nearby?
Josephine gestures at you while chanting.
The ghostly flame explodes!
The ghostly fireball engulfs the wraith.
The wraith completely resists.
The ghostly fireball engulfs your battlesphere.
Your battlesphere completely resists.
The ghostly fireball engulfs you!
You feel drained.
* * * LOW HITPOINT WARNING * * *
The wraith closely misses you.
You begin reading the scroll.
You continue reading the scroll.
Josephine grins evilly.
You block the wraith's attack.
Josephine points at you and mumbles some strange words.
The ghostly flame explodes!
The ghostly fireball engulfs the wraith.
The wraith completely resists.
The ghostly fireball engulfs your battlesphere.
Your battlesphere completely resists.
The ghostly fireball engulfs you!
You feel drained.
You die...

#..........# #.# ######
#..........# #.#
.....####..).).....#######.####
.....#.....)..................###
..<..'.##..........#######.##....
.....####..........# #.######
.....# #..........#######.######
.....# #........................
##'### ####.###@#########.######
#..# #...*W# ### #.## ####÷)# ..#
##@#≈. ##### ########'#.. ....###
#.........≈ ....'.###........#.
....#...#........#W@
....###.'........# K≈


You could see Josephine, a wraith and a friendly battlesphere.

Vanquished Creatures
  An azure jelly (Lair:6)
  An orc warlord (Orc:1)
  5 death oozes (Lair:6)
  5 hydras
  An ogre mage (Orc:1)
  2 catoblepae
  Harold (D:10)
  4 two-headed ogres
  A queen ant (Lair:2)
  3 orc high priests (Orc:2)
  11 death yaks
  An orc knight (D:9)
  9 deep elf magi
  An orc sorcerer (Orc:1)
  An elephant (Lair:4)
  A cyclops (Orc:2)
  A manticore (D:9)
  A merfolk siren (Lair:2)
  3 black mambas
  Psyche (D:8)
  24 spiny frogs
  A torpor snail (Lair:6)
  2 rime drakes
  A centaur skeleton (D:10)
  5 komodo dragons
  5 polar bears
  4 hornets (Lair:6)
  4 slime creatures (Lair:6)
  14 blink frogs
  28 dream sheep
  6 hippogriffs
  Sigmund (D:6)
  11 spriggans (Lair:6)
  4 wyverns
  19 yaks
  4 wraiths (D:10)
  A steam dragon (D:10)
  2 hungry ghosts
  A basilisk (Lair:6)
  2 nagas (Lair:4)
  5 wargs
  5 soldier ants (Lair:3)
  8 porcupines
  18 water moccasins
  30 orc warriors
  2 sky beasts
  3 ice beasts
  A phantom (D:5)
  4 black bears
  2 necrophages (D:9)
  25 wolves
  5 boggarts (Lair:6)
  10 ogres
  2 centaurs
  2 big kobolds
  18 crocodiles
  3 elf zombies (Ossuary)
  14 bullfrogs
  A wyvern skeleton (D:10)
  2 scorpions
  6 killer bees
  8 wights
  2 howler monkeys (D:10)
  A crimson imp (D:8)
  4 centaur zombies
  A human zombie (Ossuary)
  11 jellies
  4 hounds
  A quasit (D:10)
  22 orc priests
  An iguana (D:9)
  27 orc wizards
  19 worker ants
  A big kobold zombie (Ossuary)
  2 hound zombies
  3 mummies (Ossuary)
  A worker ant zombie (D:9)
  A gnoll (D:5)
  7 adders
  4 river rats (Sewer)
  2 shadow imps (D:9)
  12 oozes
  3 adder zombies (Ossuary)
  An adder skeleton (D:9)
  3 worms
  2 dart slugs
  10 leopard geckos
  98 orcs
  5 giant cockroaches
  4 hobgoblins
  19 jackals
  13 kobolds
  6 quokkas
  5 ball pythons
  5 bats
  13 frilled lizards
  9 goblins
  4 goblin zombies (Ossuary)
  4 hobgoblin zombies (Ossuary)
  5 kobold zombies (Ossuary)
  4 orc zombies (Ossuary)
  A quokka skeleton (D:5)
  3 quokka zombies (Ossuary)
  19 rats
  A rat zombie (Ossuary)
730 creatures vanquished.

Vanquished Creatures (others)
  An orc (D:5)
  A bush (Lair:6)
  41 fungi
  28 plants
71 creatures vanquished.

Grand Total: 801 creatures vanquished

Notes
Turn   | Place    | Note
-------+----------+-------------------------------------------
     0 | D:1      | esc the Deep Elf Fire Elementalist began the quest for the Orb.
     0 | D:1      | Reached XP level 1. HP: 10/10 MP: 6/6
   333 | D:1      | Reached XP level 2. HP: 15/15 MP: 5/8
  1005 | D:1      | Reached skill level 2 in Conjurations
  1011 | D:1      | Reached XP level 3. HP: 12/19 MP: 0/10
  1358 | D:2      | Reached skill level 4 in Fire Magic
  1611 | D:2      | Reached skill level 4 in Spellcasting
  1611 | D:2      | Reached XP level 4. HP: 24/24 MP: 8/12
  2107 | D:3      | Learned a level 2 spell: Throw Flame
  2119 | D:3      | Found a radiant altar of Vehumet.
  2132 | D:3      | Became a worshipper of Vehumet
  2305 | D:3      | Reached skill level 3 in Conjurations
  2864 | D:3      | Reached * piety under Vehumet
  2864 | D:3      | Offered knowledge of Shock by Vehumet.
  2888 | D:3      | Reached XP level 5. HP: 20/28 MP: 1/14
  3691 | D:4      | Reached skill level 5 in Spellcasting
  3921 | D:4      | Gained mutation: You are partially covered in yellow scales. (AC +2) [potion of mutation]
  3921 | D:4      | Gained mutation: Your mind is acute. (Int +2) [potion of mutation]
  3921 | D:4      | Gained mutation: Scrolls take you a little longer to read. [potion of mutation]
  4016 | D:4      | Noticed a phantom
  4280 | D:4      | Reached skill level 4 in Conjurations
  4302 | D:5      | Entered Level 5 of the Dungeon
  4314 | D:5      | Reached skill level 5 in Fire Magic
  4314 | D:5      | Reached XP level 6. HP: 28/32 MP: 2/16
  4321 | D:5      | Found a shimmering altar of Xom.
  4328 | D:5      | Got a bloodstained robe
  4467 | D:5      | Identified the +1 robe of the Wild Haggis {rC+ rCorr Stlth+} (You found it on level 5 of the Dungeon)
  4692 | D:5      | Reached skill level 6 in Spellcasting
  5105 | D:5      | HP: 6/32 [orc priest/divine providence (11)]
  5439 | D:5      | Reached XP level 7. HP: 36/36 MP: 2/18
  5686 | D:5      | Reached skill level 5 in Conjurations
  5966 | D:5      | Found a glowing golden altar of the Shining One.
  5968 | D:5      | Found a glowing silver altar of Zin.
  5988 | D:5      | Found a staircase to the Ecumenical Temple.
  6019 | D:5      | Found a blossoming altar of Fedhas.
  6040 | D:5      | Found Boir's Jewellery Boutique.
  6055 | D:5      | Found Qeboene's Antique Weapon Boutique.
  6072 | D:5      | Reached skill level 6 in Fire Magic
  6122 | D:5      | Found Fetivukk's Weapon Shoppe.
  6406 | D:5      | Reached ** piety under Vehumet
  6411 | D:5      | Offered knowledge of Sting by Vehumet.
  6411 | D:5      | Reached skill level 7 in Spellcasting
  6689 | D:6      | Found a basalt altar of Yredelemnul.
  6845 | D:6      | Found a glowing drain.
  6849 | Sewer    | Entered a sewer
  7059 | Sewer    | Offered knowledge of Stone Arrow by Vehumet.
  7152 | Sewer    | Reached *** piety under Vehumet
  7157 | Sewer    | Learned a level 3 spell: Conjure Flame
  7162 | Sewer    | Learned a level 4 spell: Sticky Flame
  7448 | D:6      | Reached XP level 8. HP: 31/42 MP: 4/21
  7471 | D:6      | Reached skill level 1 in Fighting
  7471 | D:6      | Reached skill level 3 in Dodging
  7677 | D:6      | Reached skill level 8 in Spellcasting
  7956 | D:6      | Found a shadowy altar of Dithmenos.
  8056 | D:6      | Reached skill level 4 in Dodging
  8104 | D:6      | Noticed Sigmund
  8107 | D:6      | Killed Sigmund
  8107 | D:6      | Reached skill level 2 in Fighting
  8130 | D:6      | Offered knowledge of Olgreb's Toxic Radiance by Vehumet.
  8348 | D:7      | Reached skill level 5 in Dodging
  8377 | D:7      | Reached skill level 9 in Spellcasting
  8441 | D:7      | Found a white marble altar of Elyvilon.
  8506 | D:7      | Reached skill level 3 in Fighting
  8655 | D:7      | Reached XP level 9. HP: 50/50 MP: 16/24
  8690 | D:7      | Found a sand-covered staircase.
  8699 | Ossuary  | Entered an ossuary
  8766 | Ossuary  | Reached **** piety under Vehumet
  8782 | Ossuary  | Offered knowledge of Bolt of Draining by Vehumet.
  8806 | Ossuary  | Reached skill level 6 in Dodging
  8975 | Ossuary  | Reached skill level 6 in Conjurations
  9665 | D:7      | Reached skill level 10 in Spellcasting
 10211 | D:8      | Reached skill level 4 in Fighting
 10224 | D:8      | Reached skill level 7 in Dodging
 10241 | D:8      | Reached skill level 7 in Conjurations
 10258 | D:8      | Reached ***** piety under Vehumet
 10305 | D:8      | Found a staircase to the Lair.
 10347 | D:8      | Noticed Psyche
 10359 | D:8      | Killed Psyche
 10521 | D:8      | Offered knowledge of Airstrike by Vehumet.
 10599 | D:8      | Noticed a two-headed ogre
 10602 | D:8      | Killed a two-headed ogre
 10602 | D:8      | Reached skill level 8 in Dodging
 10602 | D:8      | Reached skill level 11 in Spellcasting
 10602 | D:8      | Reached XP level 10. HP: 35/58 MP: 19/27
 10986 | D:8      | Learned a level 3 spell: Confuse
 11057 | D:8      | Reached skill level 1 in Hexes
 11072 | D:8      | Reached skill level 2 in Hexes
 11265 | Lair:1   | Entered Level 1 of the Lair of Beasts
 11335 | Lair:1   | Reached skill level 3 in Hexes
 11345 | Lair:1   | Reached skill level 1 in Evocations
 11382 | Lair:1   | Reached skill level 2 in Evocations
 11408 | Lair:1   | Reached skill level 4 in Hexes
 11490 | Lair:1   | Reached skill level 3 in Evocations
 11501 | Lair:1   | Reached skill level 5 in Hexes
 11658 | Lair:1   | Noticed a seven-headed hydra
 11667 | Lair:1   | Killed a seven-headed hydra
 11667 | Lair:1   | Reached skill level 6 in Hexes
 11667 | Lair:1   | Reached skill level 4 in Evocations
 11805 | Lair:1   | Found a blossoming altar of Fedhas.
 11903 | Lair:1   | Reached skill level 5 in Fighting
 12085 | Lair:1   | Reached skill level 8 in Conjurations
 12416 | Lair:2   | Noticed a spiny frog
 12438 | Lair:2   | Killed a spiny frog
 12438 | Lair:2   | Reached XP level 11. HP: 64/64 MP: 6/28
 12590 | Lair:2   | Found a staircase to the Shoals.
 12669 | Lair:2   | Reached skill level 9 in Dodging
 12739 | Lair:2   | Learned a level 3 spell: Mephitic Cloud
 13219 | Lair:3   | Reached skill level 6 in Fighting
 13297 | Lair:3   | Reached skill level 9 in Conjurations
 13584 | Lair:3   | Noticed a queen ant
 13628 | Lair:2   | HP: 15/64 [queen ant (18)]
 13724 | Lair:2   | HP: 15/64 [queen ant (18)]
 13989 | Lair:2   | Killed a queen ant
 14733 | Lair:4   | Found a staircase to the Snake Pit.
 14997 | Lair:4   | Reached skill level 7 in Fire Magic
 15062 | Lair:4   | Reached skill level 10 in Dodging
 15113 | Lair:4   | Noticed a catoblepas
 15153 | Lair:3   | Killed a catoblepas
 15622 | Lair:4   | Got a scorched leather armour
 15653 | Lair:4   | Reached skill level 7 in Fighting
 15797 | Lair:4   | Reached skill level 10 in Conjurations
 15820 | Lair:4   | Reached XP level 12. HP: 54/72 MP: 8/29
 16017 | Lair:4   | Identified the +0 leather armour "Jorij" {rElec rC++ Str+4 Int-4} (You found it on level 4 of the Lair of Beasts)
 16818 | Lair:4   | Reached skill level 8 in Fire Magic
 16821 | Lair:4   | Reached skill level 12 in Spellcasting
 17542 | Lair:5   | Reached skill level 11 in Dodging
 17588 | Lair:5   | Got a crystal long sword
 17610 | Lair:5   | Noticed a death yak
 17717 | Lair:5   | Noticed an eight-headed hydra
 17812 | Lair:5   | Killed an eight-headed hydra
 17950 | Lair:5   | Found a runed door.
 17950 | Lair:5   | Found a viscous altar of Jiyva.
 17953 | Lair:5   | Reached skill level 8 in Fighting
 17953 | Lair:5   | Reached skill level 9 in Fire Magic
 17982 | Lair:5   | Found a staircase to the Slime Pits.
 18422 | Lair:5   | Reached skill level 11 in Conjurations
 18677 | Lair:5   | Identified the +4 long sword "Omiunom" {slice, *Slow rElec rPois Int+4} (You found it on level 5 of the Lair of Beasts)
 18802 | Lair:5   | Noticed a death yak
 18805 | Lair:5   | Noticed a death yak
 18845 | Lair:5   | Killed a death yak
 18874 | Lair:5   | Noticed a six-headed hydra
 18879 | Lair:5   | Killed a six-headed hydra
 18940 | Lair:5   | Killed a death yak
 19039 | Lair:5   | Noticed a five-headed hydra
 19049 | Lair:5   | Killed a five-headed hydra
 19049 | Lair:5   | Reached XP level 13. HP: 56/79 MP: 24/31
 19275 | Lair:5   | Reached skill level 12 in Dodging
 19435 | Lair:6   | Entered Level 6 of the Lair of Beasts
 19853 | Lair:5   | Offered knowledge of Irradiate by Vehumet.
 19853 | Lair:5   | Reached skill level 10 in Fire Magic
 20162 | Lair:6   | Reached skill level 9 in Fighting
 20876 | Lair:5   | HP: 17/80 [death yak (12)]
 21243 | Lair:5   | Reached skill level 12 in Conjurations
 22058 | Lair:6   | Reached skill level 13 in Dodging
 22326 | Lair:6   | Reached skill level 11 in Fire Magic
 22604 | Lair:6   | Noticed a death ooze
 22605 | Lair:6   | Noticed a death ooze
 22608 | Lair:6   | Killed a death ooze
 22609 | Lair:6   | Noticed a death ooze
 22611 | Lair:6   | Killed a death ooze
 22615 | Lair:6   | Noticed an azure jelly
 22617 | Lair:6   | Killed a death ooze
 22644 | Lair:6   | Reached XP level 14. HP: 40/86 MP: 14/32
 23291 | Lair:6   | Offered knowledge of Lightning Bolt by Vehumet.
 23559 | Lair:6   | Reached skill level 1 in Shields
 23565 | Lair:6   | Killed an azure jelly
 23565 | Lair:6   | Reached skill level 2 in Shields
 23858 | Lair:6   | Reached skill level 3 in Shields
 24126 | Lair:6   | Reached skill level 4 in Shields
 24369 | Lair:6   | Got a dazzling buckler
 24380 | Lair:6   | Identified the +3 buckler of Leett {rElec MR+ Int+4 Stlth-} (You found it on level 6 of the Lair of Beasts)
 25023 | D:5      | Bought a +4 ring of intelligence for 378 gold pieces
 25501 | D:9      | Found a staircase to the Orcish Mines.
 25600 | D:9      | Offered knowledge of Iskenderun's Battlesphere by Vehumet.
 25609 | D:9      | Learned a level 5 spell: Iskenderun's Battlesphere
 26027 | Orc:1    | Entered Level 1 of the Orcish Mines
 26036 | Orc:1    | Reached skill level 10 in Fighting
 26388 | Orc:1    | Reached skill level 14 in Dodging
 26393 | Orc:1    | Reached skill level 13 in Conjurations
 26710 | Orc:1    | Found a roughly hewn altar of Beogh.
 26893 | Orc:2    | Entered Level 2 of the Orcish Mines
 27080 | Orc:2    | Found a roughly hewn altar of Beogh.
 27092 | Orc:2    | Found a staircase to the Elven Halls.
 27140 | Orc:2    | Found a roughly hewn altar of Beogh.
 27199 | Orc:2    | Found a roughly hewn altar of Beogh.
 27244 | Orc:2    | Noticed an orc warlord
 27552 | Orc:1    | HP: 10/88 [orc warlord/great sword (26)]
 27561 | Orc:1    | Killed an orc warlord
 28025 | Orc:2    | Found a roughly hewn altar of Beogh.
 28026 | Orc:2    | Found Ozynohad's Weapon Shoppe.
 28282 | Orc:2    | Offered knowledge of Orb of Destruction by Vehumet.
 28291 | Orc:2    | Learned a level 7 spell: Orb of Destruction
 28330 | Orc:2    | Reached skill level 13 in Spellcasting
 28596 | Orc:2    | Found Osofaora's Antique Weapon Shop.
 28598 | Orc:2    | Found Feinkesa's Antique Armour Boutique.
 28598 | Orc:2    | Found a roughly hewn altar of Beogh.
 28624 | Orc:2    | Bought a runed cloak for 252 gold pieces
 28808 | Orc:2    | Found a roughly hewn altar of Beogh.
 29090 | Orc:2    | Found a roughly hewn altar of Beogh.
 29100 | Orc:2    | Found Naulin's General Store.
 29107 | Orc:2    | Bought a potion of heal wounds for 50 gold pieces
 29107 | Orc:2    | Bought a scroll of identify for 20 gold pieces
 29107 | Orc:2    | Bought a scroll of identify for 20 gold pieces
 29107 | Orc:2    | Bought a scroll of identify for 20 gold pieces
 29333 | D:5      | Bought the amulet "Leef" {Regen+ MP+9 Str+4 Dex+2} for 959 gold pieces
 29368 | D:6      | Got an ichor-stained spear
 29369 | D:6      | Identified the +1 spear of Bankruptcy {venom, rC+ MR+} (You found it on level 6 of the Dungeon)
 29520 | D:10     | Entered Level 10 of the Dungeon
 29636 | D:10     | Learned a level 1 spell: Apportation
 29636 | D:10     | Amnesiac: indeed
 29702 | D:10     | Reached XP level 15. HP: 93/93 MP: 26/34
 29706 | D:10     | Noticed Harold
 29710 | D:10     | Killed Harold
 29775 | D:10     | Amnesiac: no blink? could spare dem nice nets
 29776 | D:10     | esc: meh
 29776 | D:10     | esc: i never remember to use nets anyway
 30081 | D:10     | Amnesiac: I have them on autopickup just in case, because anyone can use them and they can be useful
 30085 | D:10     | esc: yeah i have them on autopickup too
 30209 | D:10     | Noticed Josephine
 30224 | D:10     | Amnesiac: M-M-M-MASSIVE DAMAGE
 30224 | D:10     | esc: i have blurry vision lol
 30224 | D:10     | Amnesiac: probably can survive 0.5
 30224 | D:10     | HP: 8/93 [Josephine/ghostly fireball (42)]
 30225 | D:10     | Killed from afar by Josephine

Vault maps used:
D:1:      eino_arrival_cavern_b
D:2:      minmay_circled_x
D:3:      lemuel_crystal_altar, small_statue_intersection, fountainhead
D:5:      lemuel_round_altar, grunt_temple_overflow_open, temple_fountains,
          serial_shops, nicolae_shop_competitors_out_of_business, shop_statue,
          nicolae_shop_statue_plus, first_bread
D:6:      nicolae_dithmenos_shadow_blocks, gup_sewer_entry_spiral,
          yredelemnul_altar_generic, uniq_sigmund
D:7:      nicolae_overflow_crystal_walls, enter_ossuary_3
D:8:      lair_entry_dummy, uniq_psyche
D:9:      orc_0_dummy
D:10:     hangedman_ranch, uniq_josephine, uniq_harold
Lair:1:   basic_altar, minmay_hedge_maze, serial_bayou_pond_a
Lair:2:   minmay_shoals_entry_lonely_mermaid
Lair:3:   wad_woods_antlair, grunt_megastairs_2, infiniplex_staircase_pool_2
Lair:4:   guppyfry_snake_entry_garden, serial_bayou_shore_a, grunt_megastairs_1
Lair:5:   slime_altar_2, portal_ice_cave_entry_pillars_1, beast_lair_carwin_8,
          infiniplex_staircase_pool, grunt_megastairs_4
Lair:6:   minmay_lair_end_enchanted_forest, special_room, hibernation_bobbens,
          lemuel_fruit_fields
Orc:1:    basic_altar, elves_outpost_lemuel
Orc:2:    grunt_orc_community_town_hall, grunt_orc_community_big_house_2,
          grunt_orc_community_big_house_1, grunt_orc_community_house_3,
          grunt_orc_community_house_2, grunt_orc_community_house_2,
          grunt_orc_community_house_2, grunt_orc_community_house_3, basic_altar
Sewer:    sewer_co_cracked_pipes
Ossuary:  minmay_ossuary_two_tombs

Skill      XL: |  1  2  3  4  5  6  7  8  9 10 11 12 13 14 |
---------------+-------------------------------------------+-----
Conjurations   | 2 3 4 5 7 8 10 11 12 13 | 13.5
Fire Magic     | 4 5 6 7 9 11 | 11.3
Spellcasting   | 4 5 6 7 9 11 12 13 | 13.3
Fighting       | 3 4 5 7 8 9 10 | 10.5
Dodging        | 5 8 10 11 13 14 | 14.6
Hexes          | 6 |  6.5
Evocations     | 4 |  4.8
Shields        | 4 |  4.1
Stealth        | |  2.4

Action                   |  1- 3 |  4- 6 |  7- 9 | 10-12 | 13-15 || total
-------------------------+-------+-------+-------+-------+-------++-------
Melee: Whip              |     4 |    30 |       |       |       ||    34
       Dagger            |       |       |   102 |     5 |       ||   107
 Cast: Flame Tongue      |    81 |    16 |       |       |       ||    97
       Throw Flame       |       |   118 |   297 |   383 |   695 ||  1493
       Sticky Flame      |       |       |    17 |    66 |   112 ||   195
       Conjure Flame     |       |       |     1 |     6 |     1 ||     8
       Confuse           |       |       |       |     9 |       ||     9
       Mephitic Cloud    |       |       |       |    13 |    29 ||    42
       Iskenderun's Batt |       |       |       |       |    35 ||    35
       Orb of Destructio |       |       |       |       |     5 ||     5
Evoke: Wand              |       |     5 |       |       |       ||     5
       Staff of energy   |       |       |       |     5 |     3 ||     8
  Use: Potion            |     1 |     1 |       |     2 |     2 ||     6
       Scroll            |       |     7 |     8 |     6 |     7 ||    28
 Stab: Sleeping          |       |       |     3 |       |       ||     3
  Eat: Chunk             |     2 |     9 |    12 |    14 |    19 ||    56
       Royal jelly       |       |     2 |     1 |     1 |     1 ||     5
       Fruit             |       |       |     1 |     1 |     5 ||     7
       Bread ration      |       |       |       |     2 |     2 ||     4
Armor: Robe              |     7 |     9 |    32 |    15 |    35 ||    98
Dodge: Dodged            |    39 |    41 |    98 |   105 |   203 ||   486
Block: Buckler           |       |       |       |       |    34 ||    34

Vault maps used:
D:1:      eino_arrival_cavern_b
D:2:      minmay_circled_x
D:3:      lemuel_crystal_altar, small_statue_intersection, fountainhead
D:5:      lemuel_round_altar, grunt_temple_overflow_open, temple_fountains,
          serial_shops, nicolae_shop_competitors_out_of_business, shop_statue,
          nicolae_shop_statue_plus, first_bread
D:6:      nicolae_dithmenos_shadow_blocks, gup_sewer_entry_spiral,
          yredelemnul_altar_generic, uniq_sigmund
D:7:      nicolae_overflow_crystal_walls, enter_ossuary_3
D:8:      lair_entry_dummy, uniq_psyche
D:9:      orc_0_dummy
D:10:     hangedman_ranch, uniq_josephine, uniq_harold
Lair:1:   basic_altar, minmay_hedge_maze, serial_bayou_pond_a
Lair:2:   minmay_shoals_entry_lonely_mermaid
Lair:3:   wad_woods_antlair, grunt_megastairs_2, infiniplex_staircase_pool_2
Lair:4:   guppyfry_snake_entry_garden, serial_bayou_shore_a, grunt_megastairs_1
Lair:5:   slime_altar_2, portal_ice_cave_entry_pillars_1, beast_lair_carwin_8,
          infiniplex_staircase_pool, grunt_megastairs_4
Lair:6:   minmay_lair_end_enchanted_forest, special_room, hibernation_bobbens,
          lemuel_fruit_fields
Orc:1:    basic_altar, elves_outpost_lemuel
Orc:2:    grunt_orc_community_town_hall, grunt_orc_community_big_house_2,
          grunt_orc_community_big_house_1, grunt_orc_community_house_3,
          grunt_orc_community_house_2, grunt_orc_community_house_2,
          grunt_orc_community_house_2, grunt_orc_community_house_3, basic_altar
Sewer:    sewer_co_cracked_pipes
Ossuary:  minmay_ossuary_two_tombs

Table legend:
 A = Turns spent in this place as a percentage of turns spent in the entire game.
 B = Non-inter-level travel turns spent in this place as a percentage of non-inter-level travel turns spent in the entire game.
 C = Inter-level travel turns spent in this place as a percentage of turns spent in this place.
 D = Turns resting spent in this place as a percentage of non-inter-level travel turns spent in this place.
 E = Turns spent auto-exploring this place as a percentage of non-inter-level travel turns spent in this place.
 F = Non-inter-level travel turns spent in this place divided by the number of levels of this place that you've seen.
                   A       B       C       D       E      F
               +-------+-------+-------+-------+-------+----------------------
         Total | 100.0 | 100.0 |   1.0 |   6.9 |   8.2 | 337.5
       Dungeon |  38.8 |  38.7 |   1.1 |   6.7 |  10.7 | 261.5
          Lair |  45.8 |  45.7 |   1.0 |   7.3 |   6.0 | 514.5
  Orcish Mines |  11.1 |  11.1 |   0.5 |   5.6 |   6.9 | 375.0
         Sewer |   1.5 |   1.5 |   0.0 |  11.7 |  12.6 | 103.0
       Ossuary |   2.8 |   2.9 |   0.0 |   6.2 |  10.8 | 194.0
               +-------+-------+-------+-------+-------+----------------------

Table legend:
 A = Kills in this place as a percentage of kills in entire the game.
 B = Kills by you in this place as a percentage of kills by you in the entire game.
 C = Kills by friends in this place as a percentage of kills by friends in the entire game.
 D = Other kills in this place as a percentage of other kills in the entire game.
 E = Experience gained in this place as a percentage of experience gained in the entire game.
 F = Experience gained in this place divided by the number of levels of this place that you have seen.
                   A       B       C       D       E      F
               +-------+-------+-------+-------+-------+----------------------
         Total | 100.0 | 100.0 |  -nan | 100.0 | 100.0 | 5350.0
       Dungeon |  40.2 |  40.2 |  -nan |  50.0 |  14.3 | 1525.5
          Lair |  37.3 |  37.3 |  -nan |  50.0 |  68.5 | 12213.0
  Orcish Mines |  14.5 |  14.6 |  -nan |   0.0 |  16.6 | 8888.0
         Sewer |   3.0 |   3.0 |  -nan |   0.0 |   0.1 |  73.0
       Ossuary |   4.9 |   5.0 |  -nan |   0.0 |   0.6 | 617.0
               +-------+-------+-------+-------+-------+----------------------
